 Dungeon Crawl Stone Soup version 0.29.0-13-gc9e81de378 (webtiles) character file.

Game seed: 3217642816754982747

88 Powertoast the Shooter (level 4, -2/38 HPs)
             Began as a Minotaur Hunter on Sept 9, 2022.
             Succumbed to Sigmund's poison
             ... on level 3 of the Dungeon.
             The game lasted 00:09:02 (2612 turns).

Powertoast the Shooter (Minotaur Hunter)            Turns: 2612, Time: 00:09:04

Health: -2/38      AC:  5    Str: 15    XL:     4   Next: 29%
Magic:  3/3        EV: 11    Int:  6    God:
Gold:   112        SH:  5    Dex: 16    Spells: 3/3 levels left

rFire   . . .      SeeInvis .   a - +0 shortbow
rCold   . . .      Faith    .   (shield currently unavailable)
rNeg    . . .      Spirit   .   q - +0 ring mail
rPois   .          Reflect  +   (helmet restricted)
rElec   .          Harm     .   (no cloak)
rCorr   .          Rampage  .   (no gloves)
Will    .....                   (no boots)
Stlth   +.........              n - amulet of reflection
HPRegen 0.12/turn               (no ring)
MPRegen 0.08/turn               (no ring)

@: lethally poisoned (-2 -> -21)
A: horns 2, retaliatory headbutt
a: no special abilities


You were on level 3 of the Dungeon.
You visited 1 branch of the dungeon, and saw 3 of its levels.

You collected 112 gold pieces.

Inventory:

Hand Weapons
 a - a +0 shortbow (weapon)
 k - a +0 short sword
Armour
 c - a +0 leather armour
 q - a +0 ring mail (worn)
Jewellery
 n - an amulet of reflection (around neck)
Scrolls
 b - 2 scrolls of immolation
 e - a scroll of amnesia
 f - a scroll of enchant armour
 g - a scroll of brand weapon {unknown}
 j - a scroll of fear
 o - a scroll of enchant weapon
Potions
 h - a potion of invisibility {unknown}
 i - a potion of heal wounds {unknown}
 l - a potion of brilliance {unknown}
 p - a potion of magic {unknown}


   Skills:
 + Level 3.2 Fighting
 * Level 5.5 Ranged Weapons
 + Level 3.1 Dodging
 - Level 0.7 Stealth


You had 3 spell levels left.
You didn't know any spells.
Your spell library contained the following spells:

 Spells                   Type           Power      Damage    Failure   Level
 Call Canine Familiar     Summ           0%         N/A       96%         3
 Portal Projectile        Hex/Tloc       0%         N/A       96%         3
 Animate Dead             Necr           0%         N/A       100%        4
 Leda's Liquefaction      Hex/Erth       0%         N/A       100%        4
 Borgnjor's Vile Clutch   Necr/Erth      0%         N/A       100%        5
 Death Channel            Necr           0%         N/A       100%        6


Dungeon Overview and Level Annotations

Branches:
Dungeon (3/15)

Altars:


Innate Abilities, Weirdness & Mutations

You have a pair of horns on your head.
You reflexively headbutt those who attack you in melee.


Message History

You shoot an arrow. Something hits you but does no damage.
Non-targeted confused fire: a) +0 shortbow
Press: ? - help, Q - select action Dir - look around, f - activate You shoot an arrow.
Something hits you.
Non-targeted confused fire: a) +0 shortbow
Press: ? - help, Q - select action Dir - look around, f - activate You shoot an arrow.
You feel less confused.
A magic dart appears from out of thin air!
The magic dart hits you.
It was a potion of curing.
You feel better.
You hear some strange, mumbled words.
A puff of flame appears from out of thin air!
The puff of flame hits you!
Fire: a) +0 shortbow
Press: ? - help, Q - select action Shift-Dir - straight line You shoot an arrow.
You hear some strange, mumbled words.
You are confused.
You feel better. Something hits you!
You are poisoned.
Fire: a) +0 shortbow
Press: ? - help, Q - select action Shift-Dir - straight line You shoot an arrow.
You feel very sick. You block something's attack.
Fire: a) +0 shortbow
Press: ? - help, Q - select action Shift-Dir - straight line You shoot an arrow.
You feel sick. Something hits you!
* * * LOW HITPOINT WARNING * * *
You are more poisoned.
Fire: a) +0 shortbow
Press: ? - help, Q - select action Shift-Dir - straight line You shoot an arrow.
Reactivating autopickup.
You feel a bit more experienced.
You die...

#.# ##+##.. #.#
#...... #.### #.....#
#.##. #.....####
#.... #......$.#
####. #...)....#
#.... #...†....#
#.#.. #...@.# #.#..
#.)..## #.#####.##.
#....# #..........
#....############.###
#..............##.# #
########.......##.# #
#.......##.# #
#.......##<# #
#.......######


There were no monsters in sight!

Vanquished Creatures
  Sigmund (D:3)
  A gnoll (D:1)
  2 adders
  3 worms
  A dart slug (D:3)
  7 bats
  2 endoplasms
  5 giant cockroaches
  5 goblins
  6 hobgoblins
  2 quokkas (D:1)
  4 ball pythons
  A frilled lizard (D:1)
  3 kobolds
  6 rats
49 creatures vanquished.

Notes
Turn   | Place    | Note
-------+----------+-------------------------------------------
     0 | D:1      | Powertoast the Minotaur Hunter began the quest for the Orb.
     0 | D:1      | Reached XP level 1. HP: 18/18 MP: 0/0
   284 | D:1      | Reached XP level 2. HP: 22/25 MP: 1/1
   546 | D:1      | Reached skill level 5 in Ranged Weapons
   563 | D:1      | Reached XP level 3. HP: 31/31 MP: 2/2
  1866 | D:2      | Reached XP level 4. HP: 38/38 MP: 3/3
  2589 | D:3      | Noticed Sigmund
  2612 | D:3      | Killed Sigmund
  2612 | D:3      | Succumbed to Sigmund's poison

Illustrated notes

Levels and vault maps discovered:
D:1:      psy_arrival_basics, layout_basic
D:2:      layout_loops_corners
D:3:      layout_basic, minivault_27, minmay_misc_feat_cross, uniq_sigmund

Skill      XL: |  1  2  3 |
---------------+----------+-----
Fighting       | 3 |  3.2
Ranged Weapons | 5 |  5.5
Dodging        | 3 |  3.1
Stealth        | |  0.7

Action                   |  1- 3 |  4- 6 || total
-------------------------+-------+-------++-------
 Fire: Shortbow          |   101 |    51 ||   152
  Use: Potion            |     1 |     3 ||     4
       Scroll            |       |     6 ||     6
Armor: Leather armour    |    16 |     2 ||    18
       Ring mail         |       |     2 ||     2
Dodge: Dodged            |    48 |     7 ||    55
Block: Other             |     3 |     2 ||     5
       Reflection        |     1 |       ||     1
